 Dungeon Crawl Stone Soup version 0.24-a0-203-gf0bc1e9 (webtiles) character file.

Game seed: 4351432406262949103

4876 RedearTest the Grappler (level 10, -7/89 HPs)
             Began as a Troll Monk on Mar 27, 2019.
             Was a Follower of Ru.
             Mangled by a manticore (9 damage)
             ... on level 10 of the Dungeon.
             The game lasted 00:19:37 (6429 turns).

RedearTest the Grappler (Troll Monk)                Turns: 6429, Time: 00:19:38

Health: -7/89      AC:  6    Str: 21    XL:     10   Next: 26%
Magic:  9/9        EV: 11    Int:  6    God:    Ru [*.....]
Gold:   585        SH:  0    Dex: 15    Spells: 9/9 levels left

rFire    . . .     SeeInvis +   D - +9 falchion of the Spheres {venom, SInv}
rCold    . . .     Gourm    +   (no shield)
rNeg     . . .     Faith    .   a - +0 robe
rPois    .         Spirit   .   (helmet restricted)
rElec    .         Reflect  .   (no cloak)
rCorr    .         Harm     .   (gloves unavailable)
MR       .....                  (boots unavailable)
Stlth    ++........             (no amulet)
HPRegen  0.64/turn              (no ring)
MPRegen  0.11/turn              (no ring)

@: no status effects
A: large, unfitting armour, claws 3, fast metabolism 3, gourmand, regeneration
1, shaggy fur 1, tough skin 3, no potion heal 1, disrupted magic 1
a: Renounce Religion


You were on level 10 of the Dungeon.
You worshipped Ru.
Ru was aware of your devotion.
You were very hungry.

You visited 2 branches of the dungeon, and saw 11 of its levels.

You collected 585 gold pieces.


Innate Abilities, Weirdness & Mutations

You are too large for most types of armour.
You have claws for hands.
Your metabolism is lightning-fast.
You like to eat raw meat.
Your natural rate of healing is unusually fast.
You are covered in fur. (AC +1)
You have extremely tough skin. (AC +3)
Potions are less effective at restoring your health.
Your casting is slightly disrupted.

Inventory:

Hand Weapons
 D - the +9 falchion of the Spheres (weapon) {venom, SInv}
   (You found it on level 8 of the Dungeon)

   It poisons the flesh of those it strikes.
   It lets you see invisible.
 K - a +0 rapier of venom
Missiles
 j - 3 curare-tipped needles
 v - 22 poisoned needles
 E - 4 tomahawks (quivered)
 F - a throwing net {+f}
 G - 22 sling bullets
 H - 39 stones
 J - 3 javelins
Armour
 a - a +0 robe (worn)
 g - a +0 cloak
Magical Staves
 C - an uncursed staff of power {unknown}
Jewellery
 x - a cursed -2 ring of protection {unknown}
 y - an uncursed ring of flight {unknown}
Scrolls
 c - 3 scrolls of enchant armour {unknown}
 d - 2 scrolls of enchant weapon {unknown}
 e - 2 scrolls of amnesia {unknown}
 f - 11 scrolls of identify {unknown}
 i - 3 scrolls of immolation {unknown}
 m - 9 scrolls of remove curse {unknown}
 n - 2 scrolls of fear {unknown}
 t - 2 scrolls of teleportation {unknown}
 w - a scroll of magic mapping {unknown}
 A - a scroll of silence {unknown}
Potions
 h - a potion of degeneration {unknown}
 k - a potion of lignification {unknown}
 l - 3 potions of mutation {unknown}
 o - 3 potions of resistance {unknown}
 p - a potion of agility {Stlth+ Dex+5 EV+5}
 q - 2 potions of brilliance {unknown}
 r - a potion of might {unknown}
 s - 3 potions of curing {unknown}
 u - a potion of berserk rage {unknown}
 z - 2 potions of haste {unknown}
 B - a potion of heal wounds {unknown}
 I - a potion of cancellation {unknown}
Comestibles
 b - 16 rations


You had 9 spell levels left.
You didn't know any spells.
Your spell library contained the following spells:

 Spells                   Type           Power        Failure   Level  Hunger
 Animate Skeleton         Necr           N/A          54%         1    ##.....
 Confusing Touch          Hex            #.....       54%         1    ##.....
 Corona                   Hex            #......      54%         1    ##.....
 Pain                     Necr           #...         54%         1    ##.....
 Ensorcelled Hibernation  Hex/Ice        #.....       67%         2    ###....
 Passwall                 Tmut/Erth      #.......     67%         2    ###....
 Slow                     Hex            #.......     67%         2    ###....
 Confuse                  Hex            #.......     88%         3    ####...
 Dazzling Spray           Conj/Hex       #.....       88%         3    ####...
 Regeneration             Chrm/Necr      #.........   88%         3    ####...
 Tukima's Dance           Hex            #.......     88%         3    ####...
 Vampiric Draining        Necr           #.........   88%         3    ####...
 Animate Dead             Necr           N/A          99%         4    #####..
 Bolt of Magma            Conj/Fire/Erth #.........   100%        5    ######.
 Iskenderun's Battlesphe  Conj/Chrm      #.......     100%        5    ######.
 Venom Bolt               Conj/Pois      #.........   100%        5    ######.
 Iron Shot                Conj/Erth      #.........   100%        6    #######
 Malign Gateway           Summ/Tloc      #.........   100%        7    #######
 Orb of Destruction       Conj           #.........   100%        7    #######
 Spellforged Servitor     Conj/Summ      #.........   100%        7    #######


   Skills:
 - Level 2.8 Fighting
 - Level 2.8 Dodging
 - Level 1.4 Stealth
 + Level 14.4 Unarmed Combat

Dungeon Overview and Level Annotations

Branches:
Dungeon (10/15)            Temple (1/1) D:5            Lair (0/6) D:9
    Orc (0/2) D:9

Altars:
Ashenzari
Cheibriados
Dithmenos
Elyvilon
Fedhas
Gozag
Hepliaklqana
Kikubaaqudgha
Makhleb
Nemelex Xobeh
Okawaru
Qazlal
Ru
Sif Muna
Trog
Uskayaw
Vehumet
Wu Jian
Xom
Yredelemnul
Zin
The Shining One

Annotations:
D:3 1 runed translucent door, Crazy Yiuf

Levels and vault maps discovered:
D:1:      dpeg_arrival_windows_large_door, layout_basic, minmay_nonomino_d4
D:2:      layout_loops_ring
D:3:      layout_basic, uniq_robin, uniq_grinder, uniq_jessica,
          uniq_crazy_yiuf_cottage
D:4:      layout_cave_pods
D:5:      layout_gridville, temple_fountains, first_ration, okawaru_gym_becter,
          uniq_sigmund
D:6:      layout_loops_cross, nicolae_ru_path_of_blood
D:7:      layout_cave_pools
D:8:      layout_loops_corners
D:9:      layout_basic, lair_entry_dummy, orc_0_dummy, grunt_livestock
D:10:     layout_roguey [special_room_orc]
Temple:   grunt_wide_crystal_templ
You       could see a manticore.


Message History

You add the spells Iskenderun's Battlesphere, Venom Bolt, Bolt of Magma, Iron Shot, Orb of Destruction and Spellforged Servitor to your library.
Key pressed, stopping explore.
No target in view!
No target in view!
No target in view!
No target in view!
You open the door.
There is an open door here.
You pick up the Papyrus of Enchanting Companions and begin reading...
You add the spells Slow and Malign Gateway to your library.
Found a spear.
Found a stone staircase leading down.
No target in view!
No target in view!
Found a leather armour.
No target in view!
No target in view!
No target in view!
No target in view!
No target in view!
No target in view!
You open the door.
There is an open door here.
You open the door.
There is an open door here.
You open the door.
A manticore comes into view.
There is an open door here.
Found a tiny cameo amulet.
The manticore bites you!! The manticore closely misses you.
The manticore claws you!
You slash the manticore!
The manticore is poisoned.
Your claw misses the manticore.
The manticore is moderately wounded.
The manticore bites you!
The manticore claws you. x2; The manticore bites you!
* * * LOW HITPOINT WARNING * * *
The manticore claws you.
* * * LOW HITPOINT WARNING * * *
The manticore claws you but does no damage. !MASSIVE DAMAGE!
YOU LOST 65 HP!
You have now: 24/89 HP.
You hit the manticore.
The manticore looks as sick as possible!
The manticore is moderately wounded.
You are feeling very hungry.
The manticore bites you!
* * * LOW HITPOINT WARNING * * *
The manticore claws you!
* * * LOW HITPOINT WARNING * * *
The manticore claws you!
You die...

Action                   |  1- 3 |  4- 6 |  7- 9 | 10-12 || total
-------------------------+-------+-------+-------+-------++-------
Melee: Unarmed           |    88 |    77 |   287 |       ||   452
       Punch             |       |     2 |    15 |     5 ||    22
       Falchion          |       |       |    70 |    39 ||   109
Invok: Sacrifice Essence |       |       |     1 |       ||     1
       Sacrifice Purity  |       |       |       |     1 ||     1
 Stab: Sleeping          |     3 |       |     5 |     1 ||     9
  Eat: Ration            |     2 |       |     4 |       ||     6
       Chunk             |       |     4 |    25 |     6 ||    35
Armor: Robe              |    28 |    16 |   109 |    13 ||   166
Dodge: Dodged            |    51 |    52 |   228 |    32 ||   363
       Rpst.: Falchion   |       |       |    20 |    11 ||    31

Notes
Turn   | Place    | Note
-------+----------+-------------------------------------------
     0 | D:1      | RedearTest the Troll Monk began the quest for the Orb.
     0 | D:1      | Reached XP level 1. HP: 22/22 MP: 0/0
   259 | D:1      | Reached XP level 2. HP: 29/29 MP: 1/1
   397 | D:2      | Reached XP level 3. HP: 34/36 MP: 2/2
  1005 | D:2      | Reached XP level 4. HP: 44/44 MP: 3/3
  1051 | D:3      | Noticed an ogre
  1051 | D:3      | Noticed a big kobold
  1061 | D:3      | Killed an ogre
  1061 | D:3      | Reached skill level 5 in Unarmed Combat
  1061 | D:3      | Reached XP level 5. HP: 12/52 MP: 4/4
  1148 | D:3      | Noticed Jessica
  1150 | D:3      | Noticed Grinder
  1153 | D:3      | Killed Jessica
  1153 | D:3      | Reached skill level 6 in Unarmed Combat
  1153 | D:3      | Reached XP level 6. HP: 58/59 MP: 5/5
  1156 | D:3      | Paralysed by Grinder for 3 turns
  1173 | D:3      | Killed Grinder
  1173 | D:3      | Reached skill level 7 in Unarmed Combat
  1202 | D:3      | Found a runed translucent door.
  1203 | D:3      | Noticed Crazy Yiuf
  1250 | D:3      | Noticed Robin
  1269 | D:3      | Killed Robin
  1313 | D:3      | Reached XP level 7. HP: 52/66 MP: 6/6
  1851 | D:4      | Reached skill level 8 in Unarmed Combat
  2529 | D:5      | Entered Level 5 of the Dungeon
  2571 | D:5      | Found an iron altar of Okawaru.
  2604 | D:5      | Reached skill level 9 in Unarmed Combat
  2657 | D:5      | Reached XP level 8. HP: 32/74 MP: 7/7
  2689 | D:5      | Noticed Sigmund
  2696 | D:5      | Killed Sigmund
  2778 | D:5      | Found a staircase to the Ecumenical Temple.
  2818 | D:5      | Reached skill level 10 in Unarmed Combat
  2830 | Temple   | Entered the Ecumenical Temple
  3484 | D:6      | Found a sacrificial altar of Ru.
  3493 | D:6      | Became a worshipper of Ru the Awakened
  3611 | D:6      | Reached skill level 11 in Unarmed Combat
  3774 | D:6      | Gained mutation: Your casting is slightly disrupted. [Ru
                  | sacrifice]
  4179 | D:7      | Reached XP level 9. HP: 41/80 MP: 8/8
  4350 | D:7      | Reached skill level 12 in Unarmed Combat
  4852 | D:8      | Got a twisted falchion
  4855 | D:8      | Identified the +9 falchion of the Spheres {venom, SInv}
                  | (You found it on level 8 of the Dungeon)
  5342 | D:8      | Identified the Papyrus of the Dusty Oath
  5427 | D:9      | Reached skill level 13 in Unarmed Combat
  5509 | D:9      | Found a staircase to the Lair.
  5659 | D:9      | Reached XP level 10. HP: 68/89 MP: 9/9
  5763 | D:9      | Gained mutation: Potions are less effective at restoring
                  | your health. [Ru sacrifice]
  5763 | D:9      | Reached * piety under Ru
  5764 | D:9      | Found a staircase to the Orcish Mines.
  6212 | D:9      | Reached skill level 14 in Unarmed Combat
  6350 | D:10     | Entered Level 10 of the Dungeon
  6399 | D:10     | Identified the Papyrus of Enchanting Companions
  6424 | D:10     | Noticed a manticore
  6429 | D:10     | HP: 2/89 [manticore (12)]
  6429 | D:10     | Mangled by a manticore

Table legend:
 A = Turns spent in this place as a percentage of turns spent in the entire game.
 B = Non-inter-level travel turns spent in this place as a percentage of non-inter-level travel turns spent in the entire game.
 C = Inter-level travel turns spent in this place as a percentage of turns spent in this place.
 D = Turns resting spent in this place as a percentage of non-inter-level travel turns spent in this place.
 E = Turns spent auto-exploring this place as a percentage of non-inter-level travel turns spent in this place.
 F = Non-inter-level travel turns spent in this place divided by the number of levels of this place that you've seen.
                   A       B       C       D       E      F
               +-------+-------+-------+-------+-------+----------------------
         Total | 100.0 | 100.0 |   4.8 |   1.5 |  74.3 | 556.4
       Dungeon |  97.6 |  97.5 |   4.9 |   1.5 |  75.6 | 596.7
        Temple |   2.4 |   2.5 |   1.9 |   0.0 |  22.9 | 153.0
               +-------+-------+-------+-------+-------+----------------------

Table legend:
 A = Kills in this place as a percentage of kills in entire the game.
 B = Kills by you in this place as a percentage of kills by you in the entire game.
 C = Kills by friends in this place as a percentage of kills by friends in the entire game.
 D = Other kills in this place as a percentage of other kills in the entire game.
 E = Experience gained in this place as a percentage of experience gained in the entire game.
 F = Experience gained in this place divided by the number of levels of this place that you have seen.
                   A       B       C       D       E      F
               +-------+-------+-------+-------+-------+----------------------
         Total | 100.0 | 100.0 |   N/A |   N/A | 100.0 | 633.3
       Dungeon | 100.0 | 100.0 |   N/A |   N/A | 100.0 | 696.6
               +-------+-------+-------+-------+-------+----------------------

Vanquished Creatures
  Grinder (D:3)
  Sigmund (D:5)
  A wyvern (D:8)
  3 hogs (D:9)
  4 yaks (D:9)
  A human (D:9)
  A water moccasin (D:7)
  2 orc warriors
  3 sky beasts
  4 ogres
  A phantom (D:9)
  An ice beast (D:7)
  3 centaurs
  3 big kobolds
  4 bullfrogs
  A water moccasin skeleton (D:8)
  2 scorpions
  5 wights (D:7)
  3 crimson imps
  3 hounds
  A quasit (D:8)
  A jelly (D:5)
  3 orc priests
  A centaur skeleton (D:8)
  6 orc wizards
  Jessica (D:3)
  2 iguanas
  2 worker ants
  A killer bee zombie (D:5)
  2 worker ant zombies
  A howler monkey zombie (D:7)
  Robin (D:3)
  12 gnolls
  A howler monkey skeleton (D:5)
  15 adders
  4 worms
  A dart slug (D:1)
  9 leopard geckos
  21 orcs
  3 ball pythons
  7 bats
  6 giant cockroaches
  11 goblins
  13 hobgoblins
  6 jackals (D:6)
  5 quokkas
  A frilled lizard (D:2)
  2 jackal zombies
  10 kobolds
  A leopard gecko skeleton (D:6)
  A quokka zombie (D:7)
  5 rats
203 creatures vanquished.
